 Dungeon Crawl Stone Soup version 0.18.1-50-g88ac8fd (webtiles) character file.

2507 Peloso the Blocker (level 9, -27/79 HPs)
             Began as a Minotaur Fighter on Sept 24, 2016.
             Annihilated by an ogre
             ... wielding a +0 giant spiked club
              (28 damage)
             ... on level 8 of the Dungeon.
             The game lasted 00:25:06 (6686 turns).

Peloso the Blocker (Minotaur Fighter)               Turns: 6686, Time: 00:25:06

Health: -27/79     AC: 15    Str: 21    XL:     9   Next: 28%
Magic:  8/8        EV:  9    Int:  5    God:
Gold:   368        SH: 11    Dex: 13    Spells: 0 memorised, 8 levels left

rFire  . . .     SeeInvis .     a - +0 long sword
rCold  . . .     Gourm    .     C - +0 chain mail
rNeg   . . .     Faith    .     c - +0 shield
rPois  .         Spirit   .     (helmet restricted)
rElec  .         Dismiss  .     D - +0 cloak
rCorr  .         Reflect  .     w - +0 pair of gloves
SustAt .         Harm     .     v - +1 pair of boots
MR     .....                    i - amulet of rage
Stlth  ..........               (no ring)
                                (no ring)

@: not resistant to hostile enchantments, extremely unstealthy
A: retaliatory headbutt, horns 2
a: Evoke Berserk Rage


You were on level 8 of the Dungeon.
You were not hungry.

You visited 2 branches of the dungeon, and saw 9 of its levels.
You also visited: Ossuary.

You collected 368 gold pieces.

Inventory:

Hand Weapons
 a - a +0 long sword (weapon)
 L - a +1 hand axe of flaming
Armour
 c - a +0 shield (worn)
 v - a +1 pair of boots (worn)
 w - a +0 pair of gloves (worn)
 C - a +0 chain mail (worn)
 D - a +0 cloak (worn)
Jewellery
 i - an amulet of rage (around neck)
Wands
 u - a wand of acid (6/15)
 y - a wand of enslavement (19/24)
 F - a wand of teleportation (4/9)
 M - a wand of enslavement (14/24)
Scrolls
 b - a scroll of noise {unknown}
 e - 2 scrolls of blinking
 j - 7 scrolls of amnesia
 m - 2 scrolls of magic mapping {unknown}
 o - a scroll of fear
 r - a scroll of enchant armour
 s - a scroll of summoning {unknown}
 A - a scroll of recharging {unknown}
 B - a scroll of random uselessness {unknown}
 E - 2 scrolls of identify
 I - 2 scrolls of remove curse {unknown}
 N - a scroll of brand weapon {unknown}
Potions
 d - a potion of might
 k - 3 potions of resistance
 l - 2 potions of heal wounds
 n - 2 potions of lignification {unknown}
 p - 3 potions of ambrosia {unknown}
 q - a potion of mutation {unknown}
 x - a potion of flight {unknown}
 z - 3 potions of agility {unknown}
 G - 4 potions of curing {unknown}
 H - 4 potions of degeneration {unknown}
 J - 2 potions of cancellation {unknown}
Comestibles
 f - 3 bread rations
 g - 3 fruits
 h - 3 meat rations
 t - 2 beef jerkies
 K - 7 chunks of flesh


   Skills:
 + Level 7.1 Fighting
 + Level 7.0 Long Blades
 + Level 7.2 Armour
 + Level 5.3 Dodging
 + Level 0.3 Stealth
 + Level 9.0 Shields


You had 8 spell levels left.
You didn't know any spells.

Dungeon Overview and Level Annotations

Branches:
Dungeon (8/15)             Temple (1/1) D:6
   Lair: D:8-11

Altars:
Ashenzari
Cheibriados
Dithmenos
Elyvilon
Fedhas
Gozag
Kikubaaqudgha
Makhleb
Nemelex Xobeh
Pakellas
Qazlal
Ru
Sif Muna
Trog
Vehumet
Xom
Yredelemnul
Zin
The Shining One


Innate Abilities, Weirdness & Mutations

You reflexively headbutt those who attack you in melee.
You have a pair of horns on your head.


Message History

You kill the orc priest!
Things that are here:
a trident; a leather armour An ogre comes into view.
It is wielding a giant spiked club.
The ogre shouts!
You hear a distant slurping noise.
You slash the ogre! Your headbutt misses the ogre.
The ogre is moderately wounded.
The ogre hits you with a giant spiked club!
* * * LOW HITPOINT WARNING * * *
You barely miss the ogre. You headbutt the ogre.
The ogre is heavily wounded.
The ogre hits you with a giant spiked club!
* * * LOW HITPOINT WARNING * * *
A jelly comes into view.
The jelly quivers.
You hit the ogre but do no damage.
The ogre is heavily wounded.
The ogre hits you with a giant spiked club!!
You die...

..... ... ... ..J #.#
....... #. #.#
.....<.##. #O#
.......... #@#
.......#..######.#
.....####........#
................##
...###.#........#
.......#.#..########
...................#
....##<............#
...................###


You could see an ogre and a jelly.

Vanquished Creatures
  Prince Ribbit (D:8)
  Grinder (D:3)
  A hippogriff (D:7)
  A phantom (D:4)
  2 ogres
  4 centaurs
  An elf zombie (Ossuary)
  4 giant frogs
  A scorpion (D:5)
  A vampire bat (D:4)
  A crimson imp (D:5)
  A centaur zombie (Ossuary)
  2 giant frog zombies
  A hound (D:7)
  A quasit (D:6)
  4 orc priests
  3 jellies
  4 orc wizards
  Natasha (twice) (D:2)
  2 worker ants (D:4)
  A big kobold zombie (Ossuary)
  A hound skeleton (D:5)
  2 mummies (Ossuary)
  Robin (D:2)
  8 adders
  5 gnolls
  A shadow imp (D:5)
  An ooze (D:4)
  3 adder zombies
  2 worms
  A dart slug (D:1)
  5 giant geckos
  19 orcs
  16 bats
  2 bat skeletons (D:4)
  4 bat zombies (D:4)
  10 giant cockroaches
  18 goblins
  8 hobgoblins
  19 jackals
  2 quokkas
  A ball python (D:2)
  A giant gecko skeleton (D:6)
  2 giant newts
  2 goblin zombies (Ossuary)
  10 hobgoblin zombies (Ossuary)
  8 kobolds
  9 kobold zombies (Ossuary)
  9 orc zombies (Ossuary)
  3 rats
  2 rat zombies (Ossuary)
214 creatures vanquished.

Notes
Turn   | Place    | Note
--------------------------------------------------------------
     0 | D:1      | Peloso the Minotaur Fighter began the quest for the Orb.
     0 | D:1      | Reached XP level 1. HP: 19/19 MP: 0/0
   373 | D:1      | Reached XP level 2. HP: 27/27 MP: 1/1
   964 | D:2      | Reached skill level 4 in Shields
   964 | D:2      | Reached XP level 3. HP: 33/34 MP: 2/2
  1317 | D:2      | Noticed Robin
  1319 | D:2      | Reached skill level 1 in Dodging
  1342 | D:2      | Killed Robin
  1342 | D:2      | Reached XP level 4. HP: 20/41 MP: 3/3
  1817 | D:2      | Noticed Natasha
  1820 | D:2      | Killed Natasha
  2069 | D:2      | Noticed Natasha
  2079 | D:2      | Killed Natasha
  2079 | D:2      | Reached skill level 5 in Shields
  2079 | D:2      | Reached XP level 5. HP: 31/47 MP: 4/4
  2210 | D:3      | Noticed Grinder
  2247 | D:3      | Killed Grinder
  2247 | D:3      | Reached skill level 5 in Fighting
  2247 | D:3      | Reached XP level 6. HP: 23/56 MP: 5/5
  2319 | D:3      | Found a shattered altar of Ashenzari.
  3000 | D:3      | Reached skill level 5 in Armour
  3154 | D:4      | Reached XP level 7. HP: 61/61 MP: 6/6
  3169 | D:4      | Found an ancient bone altar of Kikubaaqudgha.
  3193 | D:4      | Reached skill level 6 in Shields
  3850 | D:5      | Entered Level 5 of the Dungeon
  4075 | D:5      | Found a blossoming altar of Fedhas.
  4507 | D:5      | Reached skill level 7 in Shields
  4585 | D:5      | Reached XP level 8. HP: 70/70 MP: 7/7
  4930 | D:5      | Found a shadowy altar of Dithmenos.
  4933 | D:5      | Reached skill level 5 in Long Blades
  5119 | D:6      | Found a sand-covered staircase.
  5161 | Ossuary  | Entered an ossuary
  5696 | D:6      | Found a staircase to the Ecumenical Temple.
  5703 | Temple   | Entered the Ecumenical Temple
  6017 | D:7      | Found a bloodstained altar of Trog.
  6096 | D:7      | Reached skill level 8 in Shields
  6135 | D:7      | Found a shimmering altar of Xom.
  6149 | D:7      | Found an oddly glowing altar of Pakellas.
  6179 | D:7      | Reached skill level 5 in Dodging
  6472 | D:6      | Reached XP level 9. HP: 67/78 MP: 8/8
  6533 | D:8      | Noticed Prince Ribbit
  6538 | D:8      | Killed Prince Ribbit
  6563 | D:8      | Found a sparkling altar of Nemelex Xobeh.
  6631 | D:8      | Reached skill level 9 in Shields
  6685 | D:8      | HP: 1/79 [ogre/giant spiked club (9)]
  6686 | D:8      | Annihilated by an ogre

Skill      XL: |  1  2  3  4  5  6  7  8  9 |
---------------+----------------------------+-----
Fighting       | 4 5 6 7 |  7.1
Armour         | 4 5 7 |  7.2
Shields        | 4 5 7 8 9 |  9.0
Dodging        | 1 2 4 5 |  5.3
Long Blades    | 3 4 6 7 |  7.0
Stealth        | |  0.3

Action                   |  1- 3 |  4- 6 |  7- 9 || total
-------------------------+-------+-------+-------++-------
Melee: Long sword        |   101 |   193 |   377 ||   671
       Headbutt          |    11 |    31 |    66 ||   108
  Use: Scroll            |       |     7 |       ||     7
       Potion            |       |       |     1 ||     1
  Eat: Chunk             |     1 |     7 |     9 ||    17
       Fruit             |       |       |     1 ||     1
       Pizza             |       |       |     1 ||     1
Armor: Scale mail        |    63 |    80 |    39 ||   182
       Chain mail        |       |       |   209 ||   209
Dodge: Dodged            |    41 |    77 |   154 ||   272
Block: Shield            |    70 |   107 |   246 ||   423
